 Dungeon Crawl Stone Soup version 0.31.0-11-ge490571c62 (webtiles) character file.

Game seed: 12802253241550270597

164 qw the Shooter (level 5, -2/26 HPs)
             Began as a Spriggan Hunter on Feb 4, 2024.
             Slain by a goblin
             ... wielding a +0 club
             ... led by Robin
              (6 damage)
             ... on level 3 of the Dungeon.
             The game lasted 00:00:08 (1134 turns).

qw the Shooter (Spriggan Hunter)                    Turns: 1134, Time: 00:00:09

Health: -2/26      AC:  2    Str:  7    XL:     5   Next: 21%
Magic:  6/6        EV: 20    Int: 10    God:
Gold:   39         SH:  0    Dex: 21    Spells: 4/4 levels left

rFire   + . .        a - +1 shortbow
rCold   + . .        (shield currently unavailable)
rNeg    . . .        c - +0 robe
rPois   .            (helmet restricted)
rElec   .            f - scarf {rC+ rF+}
rCorr   .            (gloves unavailable)
SInv    +            (boots unavailable)
Will    .....        (no amulet)
Stlth   ++           (no ring)
HPRegen 0.24/turn    (no ring)
MPRegen 0.10/turn

%: no passive effects
@: very quick
A: very small, no large weapons, unfitting armour, see invisible, speed 3
a: no special abilities


You were on level 3 of the Dungeon.
You visited 1 branch of the dungeon, and saw 3 of its levels.

You collected 39 gold pieces.


Innate Abilities, Weirdness & Mutations

You are very small and have problems with some larger weapons.
You are too small for most types of armour.
You have supernaturally acute eyesight. (SInv)
You cover ground extremely quickly. (Speed+++)


   Skills:
 + Level 1.9 Fighting
 - Level 5.5 Ranged Weapons
 - Level 5.0 Dodging
 - Level 1.5 Stealth


You had 4 spell levels left.
You didn't know any spells.
Your spell library was empty.

Inventory:

Hand Weapons
 a - a +1 shortbow (weapon)
Armour
 b - the scarf "Ukavecaho" {+Inv, rN++ Will+ SInv Stlth-}
   (You acquired it on level 2 of the Dungeon)

   rN++:      It greatly protects you from negative energy.
   Will+:     It increases your willpower.
   SInv:      It lets you see invisible.
   Stlth-:    It makes you less stealthy.
 c - a +0 robe (worn)
 e - a +0 cloak
 f - a scarf of resistance (worn)
Potions
 g - a potion of enlightenment

Dungeon Overview and Level Annotations

Branches:
Dungeon (3/15)

Altars:
The Shining One

Annotations:
D:3 Robin


Message History

The goblin barely misses you.
Robin roars a battlecry!
The goblins go into a battle-frenzy!
The goblin hits you with a +0 club.
The goblin moves out of view.
You shoot an arrow. The arrow barely misses the goblin.
The goblin barely misses you. Robin barely misses you.
You shoot an arrow. The arrow closely misses the goblin.
A goblin comes into view. It is wielding a +0 club.
The goblin barely misses you. Robin misses you.
You shoot an arrow. The arrow hits the goblin.
You kill the goblin!
Robin throws the goblin at you!
You shoot an arrow. The arrow hits the goblin.
The goblin is moderately wounded.
The goblin closely misses you. Robin closely misses you.
You shoot an arrow. The arrow barely misses the goblin.
The goblin hits you with a +0 club.
A goblin comes into view. It is wielding a +0 club.
Robin hits you from afar with a +0 spear.
You shoot an arrow. The arrow barely misses the goblin.
The goblin hits you with a +0 club.
Robin hits you from afar with a +0 spear.
You shoot an arrow. The arrow hits the goblin!
You kill the goblin!
Robin hits you from afar with a +0 spear.
You shoot an arrow. The arrow hits Robin!
Robin is heavily wounded.
Robin completely misses you.
You shoot an arrow. The arrow closely misses Robin.
Robin roars a battlecry!
The goblin goes into a battle-frenzy!
Robin throws the goblin at you!
You hear a shout!
You shoot an arrow. The arrow hits the goblin!
You kill the goblin!
Robin roars a battlecry!
The goblin barely misses you.
You shoot an arrow. The arrow closely misses the goblin.
Robin throws the goblin at you! The goblin hits you with a +0 club.
You die...

########.#
+........#.##.
..
#######..#...
..# #..#... ..
#..#.....
##.#.)#.
#.#..g #.##g#
#.##@#
##.##g#######
#............
#..##.#######
#...#.#
#.#.#.# #.
.#.# #. ....
## ###.


You could see Robin and 2 goblins.

Vanquished Creatures
  A scorpion (D:2)
  2 adders (D:2)
  2 dart slugs (D:2)
  A ribbon worm (D:2)
  2 ball pythons (D:1)
  9 endoplasms
  2 giant cockroaches (D:2)
  10 goblins
  6 hobgoblins
  11 jackals
  2 quokkas
  8 bats
  5 frilled lizards
  7 kobolds
  4 rats (D:1)
72 creatures vanquished.

Notes
Turn   | Place    | Note
-------+----------+-------------------------------------------
     0 | D:1      | qw the Spriggan Hunter began the quest for the Orb.
     0 | D:1      | Reached XP level 1. HP: 10/10 MP: 2/2
     0 | D:1      | 0 ||| qw: Version: 0.3-a-160-g6735b56
     0 | D:1      | 0 ||| qw: Game counter: 6048
     0 | D:1      | 0 ||| qw: Melee chars always use a shield: true
     0 | D:1      | 0 ||| qw: God list: Okawaru
     0 | D:1      | 0 ||| qw: Allow faded altars: false
     0 | D:1      | 0 ||| qw: Do Orc after clearing Dungeon:15 true
     0 | D:1      | 0 ||| qw: Do second Lair branch before Depths: true
     0 | D:1      | 0 ||| qw: Lair rune preference: random
     0 | D:1      | 0 ||| qw: Goals: Normal
     0 | D:1      | 0 ||| PLANNING D:1-11
    47 | D:1      | Reached skill level 3 in Dodging
    97 | D:1      | Reached XP level 2. HP: 14/14 MP: 3/3
   129 | D:1      | Found a faded altar of an unknown god.
   375 | D:1      | Reached XP level 3. HP: 18/18 MP: 4/4
   639 | D:1      | 639 ||| UPGRADING to scarf of resistance.
   644 | D:1      | 644 ||| READING scroll labelled USOCZA EDOGOTS.
   644 | D:1      | 644 ||| ENCHANTING +0 shortbow.
   645 | D:1      | 645 ||| READING scroll labelled ISAR TAJ GOA.
   645 | D:1      | 645 ||| IDENTIFYING fuming clear potion
   646 | D:1      | 646 ||| DROPPING scroll of butterflies.
   647 | D:1      | 647 ||| DROPPING potion of magic.
   670 | D:2      | Noticed a scorpion
   684 | D:2      | Killed a scorpion
   685 | D:2      | Reached XP level 4. HP: 21/22 MP: 5/5
   823 | D:2      | Reached XP level 5. HP: 25/25 MP: 6/6
   860 | D:2      | Found a glowing golden altar of the Shining One.
  1046 | D:2      | 1046 ||| READING scroll of identify.
  1046 | D:2      | 1046 ||| IDENTIFYING golden potion
  1047 | D:2      | 1047 ||| READING scroll labelled MOILUV HAUXA.
  1047 | D:2      | Identified a scroll of acquirement
  1047 | D:2      | 1047 ||| ACQUIRING scarf "Ukavecaho" {+Inv, rN++ Will+ SInv
                  | Stlth-}
  1047 | D:2      | Acquired the scarf "Ukavecaho" {+Inv, rN++ Will+ SInv
                  | Stlth-}
  1121 | D:3      | Noticed Robin
  1130 | D:3      | HP: 5/26 [Robin/+0 spear (6)]
  1134 | D:3      | Slain by a goblin

Levels and vault maps discovered:
D:1:      lightli_arrival_isolated_outpost, layout_basic,
          ebering_ecumenical_altar_mist
D:2:      layout_basic, basic_altar
D:3:      layout_basic, serial_shops, nicolae_shop_rolling_square, uniq_robin,
          uniq_ijyb, uniq_terence

Skill      XL: |  1  2  3  4  5 |
---------------+----------------+-----
Dodging        | 3 4 5 |  5.0
Ranged Weapons | 5 |  5.5
Fighting       | |  1.9
Stealth        | |  1.5

Action                     |  1- 3 |  4- 6 || total
---------------------------+-------+-------++-------
   Fire: Shortbow          |    91 |    96 ||   187
    Use: Scroll            |     2 |     2 ||     4
 Armour: Robe              |     5 |    19 ||    24
  Dodge: Dodged            |    20 |    46 ||    66

Table legend:
 A = Non-vault XP
 B = Vault XP
 C = Vault XP percentage of total XP
 D = Non-vault monster count
 E = Vault monster count
 F = Vault count percentage of total count
                 A         B        C        D         E       F
            +---------+---------+-------+---------+---------+-------
      Total |     217 |      18 |   7.7 |      63 |       9 |  12.5
            +---------+---------+-------+---------+---------+-------
        D:1 |      58 |       0 |   0.0 |      35 |       0 |   0.0
        D:2 |     159 |       0 |   0.0 |      28 |       0 |   0.0
        D:3 |       0 |      18 | 100.0 |       0 |       9 | 100.0
            +---------+---------+-------+---------+---------+-------
